 Dungeon Crawl Stone Soup version 0.31-a0-705-ga145531891 (webtiles) character file.

Game seed: 11762889736942323940

281 Armakuni the Cutter (level 6, -7/47 HPs)
             Began as a Human Monk on Sept 9, 2023.
             Mangled by a gnoll
             ... wielding a +0 halberd
              (9 damage)
             ... on level 2 of the Dungeon.
             The game lasted 00:04:04 (1313 turns).

Armakuni the Cutter (Human Monk)                    Turns: 1313, Time: 00:04:04

Health: -7/47      AC:  5    Str: 11    XL:     6   Next: 53%
Magic:  6/6        EV: 11    Int: 10    God:
Gold:   37         SH:  0    Dex: 18    Spells: 5/5 levels left

rFire   . . .        b - +1 rapier (venom)
rCold   . . .        d - orb {light}
rNeg    . . .        f - +0 ring mail
rPois   .            (no helmet)
rElec   .            (no cloak)
rCorr   .            (no gloves)
SInv    .            (no boots)
Will    +....        (no amulet)
Stlth   +            W - ring of willpower
HPRegen 0.27/turn    (no ring)
MPRegen 0.10/turn

%: no passive effects
@: glowing
A: no striking features
a: no special abilities


You were on level 2 of the Dungeon.
You visited 1 branch of the dungeon, and saw 2 of its levels.

You collected 37 gold pieces.

Inventory:

Hand Weapons
 a - a +0 falchion
 b - a +1 rapier of venom (weapon)
Armour
 d - an orb of light (worn)
 e - a +0 robe
 f - a +0 ring mail (worn)
Jewellery
 W - a ring of willpower (left hand)
Wands
 l - a wand of light (11)
Scrolls
 g - 2 scrolls of identify
 h - a scroll of poison
 j - a scroll of amnesia {unknown}


   Skills:
 + Level 3.2 Fighting
 - Level 5.5(6.0) Short Blades
 - Level 3.1(4.7) Long Blades
 + Level 1.0 Armour
 - Level 3.0 Dodging


You had 5 spell levels left.
You didn't know any spells.
Your spell library contained the following spells:

 Spells                   Type           Power      Damage    Failure   Level
 Ensorcelled Hibernation  Hex/Ice        0%         N/A       80%         2
 Passwall                 Tmut/Erth      0%         N/A       80%         2
 Swiftness                Air            0%         N/A       95%         3


Dungeon Overview and Level Annotations

Branches:
Dungeon (2/15)

Altars:
Qazlal


Message History

You closely miss the gnoll. The gnoll hits you but does no damage.
You hit the gnoll.
The gnoll is poisoned.
The gnoll is lightly wounded.
The gnoll hits you with a +0 flail.
You bump into the rock wall.
The gnoll hits you with a +0 flail!
You hit the gnoll.
The gnoll looks as sick as possible!
The gnoll is severely wounded.
You kill the gnoll!
You bump into the rock wall.
The gnoll hits you with a +0 club.
You hit the gnoll.
The gnoll is moderately wounded.
You feel less invigorated.
You feel less confused. The gnoll closely misses you.
The gnoll hits you but does no damage.
You barely miss the gnoll.
The gnoll is moderately wounded.
The gnoll barely misses you. The gnoll hits you with a +0 club.
You barely miss the gnoll.
The gnoll is moderately wounded.
The gnoll hits you from afar with a +0 halberd!
The gnoll misses you.
You puncture the gnoll!
The gnoll is poisoned.
The gnoll is almost dead.
You kill the gnoll!
The gnoll hits you from afar with a +0 halberd!
* * * LOW HITPOINT WARNING * * *
Your Armour skill increases to level 1!
The gnoll hits you with a +0 halberd!
* * * LOW HITPOINT WARNING * * *
Items here: )) ††.
You hit the gnoll.
The gnoll is poisoned.
The gnoll is lightly wounded.
The gnoll closely misses you.
It was a potion of curing.
You feel better. The gnoll hits you with a +0 halberd!
* * * LOW HITPOINT WARNING * * *
You hit the gnoll.
The gnoll looks as sick as possible!
The gnoll is heavily wounded.
The gnoll hits you with a +0 halberd!
You die...

* *,* #..#.# #.# * #,*
#..#.# #.# * #.*
#..#># #.# * #.*
#..#.# #.# *
#.###*###..#.# #.#
**#....,,......# #.#
,,,...#***#†.#.# #.#
****#†#####)g#.#####.#
*####........#.g@....#
#.............#######
##.########.####
............#
##.########## #># ##.#
...# ####


You could see a gnoll (extremely poisoned).

Vanquished Creatures
  Sigmund (D:2)
  Natasha (D:2)
  An adder (D:2)
  4 gnolls (D:2)
  A dart slug (D:1)
  5 ball pythons (D:1)
  3 endoplasms (D:1)
  3 giant cockroaches
  4 goblins
  2 hobgoblins (D:2)
  3 jackals (D:2)
  3 quokkas
  4 bats
  4 frilled lizards
  10 kobolds
  2 rats
51 creatures vanquished.

Notes
Turn   | Place    | Note
-------+----------+-------------------------------------------
     0 | D:1      | Armakuni the Human Monk began the quest for the Orb.
     0 | D:1      | Reached XP level 1. HP: 18/18 MP: 1/1
   189 | D:1      | Reached skill level 1 in Short Blades
   189 | D:1      | Reached XP level 2. HP: 22/24 MP: 2/2
   415 | D:1      | Reached skill level 2 in Short Blades
   437 | D:1      | Reached XP level 3. HP: 29/29 MP: 3/3
  1020 | D:2      | Reached skill level 3 in Short Blades
  1040 | D:2      | Reached XP level 4. HP: 35/35 MP: 4/4
  1075 | D:2      | Noticed Natasha
  1080 | D:2      | Killed Natasha
  1115 | D:2      | Noticed Sigmund
  1120 | D:2      | Killed Sigmund
  1121 | D:2      | Reached skill level 5 in Short Blades
  1121 | D:2      | Reached XP level 5. HP: 39/41 MP: 5/5
  1121 | D:2      | Reached XP level 6. HP: 45/47 MP: 6/6
  1123 | D:2      | Found a faded altar of an unknown god.
  1219 | D:2      | Found a stormy altar of Qazlal.
  1310 | D:2      | Reached skill level 1 in Armour
  1310 | D:2      | HP: 2/47 [gnoll/+0 halberd (10)]
  1313 | D:2      | Mangled by a gnoll

Illustrated notes

Levels and vault maps discovered:
D:1:      minmay_arrival_loop, layout_loops_ring, st_stairs_9
D:2:      cheibrodos_helix_gallery, layout_loops_ring,
          shapermc_ecumenical_altar_venn, basic_altar, uniq_terence,
          uniq_sigmund, uniq_natasha

Skill      XL: |  1  2  3  4  5  6 |
---------------+-------------------+-----
Short Blades   | 1 2 3 5 |  5.5
Armour         | 1 |  1.0
Fighting       | |  3.2
Long Blades    | |  3.1
Dodging        | |  3.0

Action                     |  1- 3 |  4- 6 || total
---------------------------+-------+-------++-------
  Melee: Rapier            |    70 |    44 ||   114
         Falchion          |     6 |       ||     6
    Use: Scroll            |     2 |     1 ||     3
         Potion            |       |     2 ||     2
 Armour: Robe              |     8 |       ||     8
         Ring mail         |    30 |    42 ||    72
  Dodge: Dodged            |    50 |    20 ||    70

Table legend: (Time is in decaauts)
 A = Elapsed time spent in this place.
 B = Non-inter-level travel time spent in this place.
 C = Inter-level travel time spent in this place.
 D = Time resting spent in this place.
 E = Time spent auto-exploring this place.
 F = Levels seen in this place.
 G = Mean time per level.
                   A        B        C        D        E       F      G
               +--------+--------+--------+--------+--------+-----+--------+
         Total |   1313 |   1242 |     71 |     60 |    842 |   2 |  656.5 |
       Dungeon |   1313 |   1242 |     71 |     60 |    842 |   2 |  656.5 |
               +--------+--------+--------+--------+--------+-----+--------+

Top non-repeatable levels by time:
     D:1: 896 daAuts
     D:2: 417 daAuts
